Atomiques vs Sewer Rats
Created - April 30, 2020 at 20:37
Goals
|
| Atomiques |
5 |
2 |
1 |
8 |
| Sewer Rats |
1 |
0 |
3 |
4 |
|
Shots
|
| Atomiques |
19 |
9 |
11 |
39 |
| Sewer Rats |
12 |
9 |
11 |
32 |
|
1st period
1. Atomiques , Jonathan Huberdeau 33 (Oscar Sundqvist 39, Anthony Nigro 13) at 6:57
2. Sewer Rats , Jonathan Marchessault 30 (Vincent Trocheck 68, Mark Mancari 56) at 9:41
3. Atomiques , Oscar Sundqvist 31 (Bobby Farnham 11, Jonathan Huberdeau 55) at 9:53
4. Atomiques , Kerby Rychel 16 (William Nylander 24) at 12:52
5. Atomiques , Jordan Schmaltz 5 (Oscar Sundqvist 40, Jonathan Huberdeau 56) at 13:53 (PP)
6. Atomiques , Oscar Sundqvist 32 (Jonathan Huberdeau 57, Colby Cohen 20) at 18:55
Penalties :
Bobby Farnham (STB) for Hooking (Minor) at 1:26, Joel Edmundson (Tol) for Holding (Minor) at 10:36, Vincent Trocheck (Tol) for Hooking (Minor) at 13:41
2nd period
7. Atomiques , Jonathan Huberdeau 34 (Kerby Rychel 16, Michael Chaput 37) at 17:14
8. Atomiques , Dalton Smith 4 (Dustin Kohn 19, Anthony Nigro 14) at 18:05
Penalties :
Eric Mestery (STB) for High sticking (Minor) at 1:36, Erik Condra (Tol) for Kneeing (Minor) at 8:02, Dustin Kohn (STB) for Hooking (Minor) at 11:11, Dustin Kohn (STB) for Hooking (Minor) at 18:29
3rd period
9. Sewer Rats , Nick Cousins 29 (Dmitrij Jaskin 17, Jonathan Marchessault 47) at 2:34
10. Atomiques , Anthony Nigro 11 (Dustin Kohn 20, Jonathan Huberdeau 58) at 5:10
11. Sewer Rats , Vincent Trocheck 33 (Stefan Elliott 42, Tomas Tatar 47) at 7:10
12. Sewer Rats , Tomas Tatar 39 (Mark Mancari 57, Stefan Elliott 43) at 16:17
Penalties :
Jonathan Huberdeau (STB) for Interference (Minor) at 7:19, Dmitrij Jaskin (Tol) for Tripping (Minor) at 9:50, John Ramage (Tol) for Boarding (Minor) at 19:26
Goalie Stats
Connor Hellebyuk (STB), 28 saves from 32 shots - (0.875), W, 30-19-7, 60:00 minutes
Darcy Kuemper (Tol), 13 saves from 17 shots - (0.765), L, 6-9-3, 31:17 minutes
Marek Mazanek (Tol), 18 saves from 22 shots - (0.818), 28:43 minutes
Players Stats for Atomiques
Player Name G A P +/- PIM S H SB GA TA FO MP PP MP PK MP
------------------------------------------------------------------------------------
Anthony Nigro 1 2 3 1 0 3 1 0 1 0 3/4 9:52 0:00 0:00
Axel Holmstrom 0 0 0 0 0 0 1 0 0 0 1/3 2:56 0:00 2:51
Bobby Farnham 0 1 1 3 2 1 0 0 0 0 2/5 19:22 3:52 1:24
Carl Dahlstrom 0 0 0 -1 0 0 1 0 0 0 0/0 5:27 0:00 0:00
Colby Cohen 0 1 1 -1 0 1 0 3 0 0 0/0 19:10 2:35 3:39
Connor Clifton 0 0 0 0 0 0 0 0 0 0 0/0 0:00 0:00 0:00
Dalton Smith 1 0 1 1 0 4 0 0 0 0 1/1 10:03 0:00 0:07
Dustin Kohn 0 2 2 3 4 2 3 1 1 2 0/0 23:42 4:07 3:33
Eric Mestery 0 0 0 2 2 0 2 0 0 0 0/0 8:31 0:00 0:19
Freddie Hamilton 0 0 0 0 0 0 0 0 0 0 0/0 0:13 0:00 0:13
Joel Vermin 0 0 0 1 0 1 0 0 0 0 0/0 9:52 0:00 0:00
Jonathan Huberdeau 2 4 6 3 2 5 2 1 1 0 6/10 23:05 3:52 4:33
Jordan Schmaltz 1 0 1 -1 0 1 0 3 0 1 0/0 19:10 2:35 3:39
Joseph Cramarossa 0 0 0 0 0 0 0 0 0 0 0/0 0:00 0:00 0:00
Keegan Iverson 0 0 0 0 0 0 0 0 0 0 0/0 0:00 0:00 0:00
Kerby Rychel 1 1 2 -1 0 3 4 0 0 0 0/0 15:08 2:50 0:00
Matt Tennyson 0 0 0 3 0 1 2 3 0 0 0/0 27:12 4:07 6:16
Max McCormick 0 0 0 0 0 0 2 0 0 0 0/0 6:29 0:00 0:00
Michael Chaput 0 1 1 -1 0 5 1 1 0 0 8/15 18:14 2:50 3:03
Mike Halmo 0 0 0 0 0 0 0 0 0 0 0/0 8:30 0:00 2:01
Nick Schmaltz 0 0 0 0 0 1 0 1 0 0 0/1 6:29 0:00 0:00
Oscar Sundqvist 2 2 4 3 0 9 0 1 0 0 6/27 24:07 3:52 5:38
Travis Sanheim 0 0 0 -1 0 0 0 0 0 0 0/0 5:27 0:00 0:00
Wiley Sherman 0 0 0 2 0 1 1 1 1 0 0/0 11:53 0:00 2:24
William Nylander 0 1 1 -1 0 1 1 0 0 0 1/2 15:08 2:50 0:00
Players Stats for Sewer Rats
Player Name G A P +/- PIM S H SB GA TA FO MP PP MP PK MP
------------------------------------------------------------------------------------
Anthony Duclair 0 0 0 -2 0 0 0 0 0 0 0/0 11:26 0:00 1:13
Connor Carrick 0 0 0 -3 0 0 0 0 0 0 0/0 4:12 0:02 0:00
Daniel Carr 0 0 0 0 0 3 3 0 0 0 0/0 18:27 4:25 0:50
Dmitrij Jaskin 0 1 1 -3 2 3 0 1 0 0 0/0 11:24 0:02 0:00
Erik Condra 0 0 0 0 2 0 2 0 0 0 1/2 19:00 4:25 1:17
Jared McCann 0 0 0 0 0 1 0 0 0 1 2/2 5:34 0:00 0:00
Jarred Tinordi 0 0 0 -1 0 1 2 0 0 0 0/0 26:41 5:43 3:51
Joel Edmundson 0 0 0 0 2 0 1 0 0 0 0/0 19:35 4:12 2:09
John Ramage 0 0 0 1 2 0 1 0 0 0 0/0 9:42 0:00 0:42
Jonathan Marchessault 1 1 2 0 0 4 1 0 0 0 5/12 17:30 4:25 0:00
Jonathan Racine 0 0 0 0 0 0 0 0 0 0 0/0 0:00 0:00 0:00
Joseph Blandisi 0 0 0 0 0 1 0 0 0 0 0/0 5:34 0:00 0:00
Mark Mancari 0 2 2 0 0 4 1 1 0 0 3/6 27:06 5:28 4:03
Nick Cousins 1 0 1 -2 0 2 0 0 2 0 2/7 10:15 0:02 0:00
Ryan Murphy 0 0 0 1 0 0 1 0 0 1 0/0 8:53 0:00 0:00
Stefan Elliott 0 2 2 0 0 3 0 1 0 0 0/0 20:18 4:12 2:51
Steven Kampfer 0 0 0 -1 0 0 0 1 1 1 0/0 26:41 5:43 3:51
Tomas Tatar 1 1 2 -1 0 4 0 0 0 0 2/2 24:29 5:28 4:05
Vincent Trocheck 1 1 2 -1 2 6 1 0 0 1 25/37 22:18 5:28 1:56
Xavier Ouellet 0 0 0 -3 0 0 0 0 0 0 0/0 4:08 0:00 0:00
3 Stars
1 - Jonathan Huberdeau (STB)
2 - Oscar Sundqvist (STB)
3 - Anthony Nigro (STB)
Power Play
Atomiques - 1 on 5 Attempt(s) - 20.00%
Sewer Rats - 0 on 5 Attempt(s) - 0.00%
Penalty Kill
Atomiques - 5 on 5 Attempt(s) - 100.00%
- Score 0 goal in Penalty Kill
Sewer Rats - 4 on 5 Attempt(s) - 80.00%
- Score 0 goal in Penalty Kill
Team Stat
Atomiques - Hits : 21 - Faceoff Wins : 28 - Blocked Shots : 15 - Penalty Minutes : 10
Sewer Rats - Hits : 13 - Faceoff Wins : 40 - Blocked Shots : 4 - Penalty Minutes : 10
Official
Referees : Unknown
Linesman : Unknown
Game Notes
Darcy Kuemper enters game at 13:53 of 1st period
18:19 of 1st period - Atomiques goal is going for a video replay. After video review, No Goal. The net was displaced accidentally.
Marek Mazanek enters game at 5:10 of 3rd period
Finance
Level 1 -- Attendance: 1436 (71.80%) -- Ticket Income $50,260
Level 2 -- Attendance: 1000 (100.00%) -- Ticket Income $17,000
Total Attendance: 2436 (81.20%)
Total Ticket Income: $67,260
Other Income: $3,363
Total Income: $70,623
Atomiques
5 vs 5 Forward
Center Left Wing Right Wing Time % Phy DF OF
1 Oscar Sundqvist Jonathan Huberdeau Bobby Farnham 40 1 2 2
2 Michael Chaput Kerby Rychel William Nylander 30 1 2 2
3 Anthony Nigro Dalton Smith Joel Vermin 20 1 2 2
4 Nick Schmaltz Mike Halmo Max McCormick 10 1 2 2
5 vs 5 Defense
Defense Defense Time % Phy DF OF
1 Dustin Kohn Matt Tennyson 40 1 2 2
2 Jordan Schmaltz Colby Cohen 30 1 2 2
3 Wiley Sherman Eric Mestery 20 1 2 2
4 Travis Sanheim Carl Dahlstrom 10 1 2 2
PowerPlay Forward
Center Left Wing Right Wing Time % Phy DF OF
1 Oscar Sundqvist Jonathan Huberdeau Bobby Farnham 60 1 2 2
2 Michael Chaput Kerby Rychel William Nylander 40 1 2 2
PowerPlay Defense
Defense Defense Time % Phy DF OF
1 Dustin Kohn Matt Tennyson 60 1 2 2
2 Jordan Schmaltz Colby Cohen 40 1 2 2
Penalty Kill 4 Players Forward
Center Wing Time % Phy DF OF
1 Jonathan Huberdeau Oscar Sundqvist 60 1 2 2
2 Michael Chaput Bobby Farnham 40 1 2 2
Penalty Kill 4 Players Defense
Defense Defense Time % Phy DF OF
1 Dustin Kohn Matt Tennyson 60 1 2 2
2 Jordan Schmaltz Colby Cohen 40 1 2 2
Penalty Kill - 3 Players Forward
Forward Time % Phy DF OF
1 Jonathan Huberdeau 60 1 2 2
2 Oscar Sundqvist 40 1 2 2
Penalty Kill - 3 Players Defense
Defense Defense Time % Phy DF OF
1 Dustin Kohn Matt Tennyson 60 1 2 2
2 Jordan Schmaltz Colby Cohen 40 1 2 2
4 vs 4 Forward
Center Wing Time % Phy DF OF
1 Jonathan Huberdeau Oscar Sundqvist 60 1 2 2
2 Michael Chaput Bobby Farnham 40 1 2 2
4 vs 4 Defense
Defense Defense Time % Phy DF OF
1 Dustin Kohn Matt Tennyson 60 1 2 2
2 Jordan Schmaltz Colby Cohen 40 1 2 2
Last Minutes Offensive
Center Left Wing Right Wing Defense Defense
Oscar Sundqvist Jonathan Huberdeau Bobby Farnham Dustin Kohn Matt Tennyson
Last Minutes Defensive
Center Left Wing Right Wing Defense Defense
Oscar Sundqvist Jonathan Huberdeau Bobby Farnham Dustin Kohn Matt Tennyson
Goaltenders
Starting : Connor Hellebyuk
Backup : Thatcher Demko
Extra Forwards
Normal : Freddie Hamilton, Joseph Cramarossa, Axel Holmstrom - PP : Freddie Hamilton, Joseph Cramarossa - PK : Axel Holmstrom
Extra Defensemen
Normal : Connor Clifton, Wiley Sherman, Eric Mestery - PP : Connor Clifton - PK : Wiley Sherman, Eric Mestery
Penalty Shots
Jonathan Huberdeau, Oscar Sundqvist, Michael Chaput, Bobby Farnham, Kerby Rychel
Scratches
Corey Tropp (Broken Left Index Finger Injury), Nicolas Aube-Kubel (Right Forearm Injury), Aaron Haydon (Healthy)
Sewer Rats
5 vs 5 Forward
Center Left Wing Right Wing Time % Phy DF OF
1 Vincent Trocheck Tomas Tatar Mark Mancari 40 1 2 2
2 Jonathan Marchessault Daniel Carr Erik Condra 30 1 2 2
3 Nick Cousins Anthony Duclair Dmitrij Jaskin 20 1 2 2
4 Jared McCann Joseph Blandisi Mark Mancari 10 1 2 2
5 vs 5 Defense
Defense Defense Time % Phy DF OF
1 Jarred Tinordi Steven Kampfer 40 1 2 2
2 Stefan Elliott Joel Edmundson 30 1 2 2
3 John Ramage Ryan Murphy 20 1 2 2
4 Connor Carrick Xavier Ouellet 10 1 2 2
PowerPlay Forward
Center Left Wing Right Wing Time % Phy DF OF
1 Vincent Trocheck Tomas Tatar Mark Mancari 60 1 2 2
2 Jonathan Marchessault Daniel Carr Erik Condra 40 1 2 2
PowerPlay Defense
Defense Defense Time % Phy DF OF
1 Jarred Tinordi Steven Kampfer 60 1 2 2
2 Stefan Elliott Joel Edmundson 40 1 2 2
Penalty Kill 4 Players Forward
Center Wing Time % Phy DF OF
1 Mark Mancari Tomas Tatar 60 1 2 2
2 Vincent Trocheck Erik Condra 40 1 2 2
Penalty Kill 4 Players Defense
Defense Defense Time % Phy DF OF
1 Jarred Tinordi Steven Kampfer 60 1 2 2
2 Stefan Elliott Joel Edmundson 40 1 2 2
Penalty Kill - 3 Players Forward
Forward Time % Phy DF OF
1 Mark Mancari 60 1 2 2
2 Tomas Tatar 40 1 2 2
Penalty Kill - 3 Players Defense
Defense Defense Time % Phy DF OF
1 Jarred Tinordi Steven Kampfer 60 1 2 2
2 Stefan Elliott Joel Edmundson 40 1 2 2
4 vs 4 Forward
Center Wing Time % Phy DF OF
1 Mark Mancari Tomas Tatar 60 1 2 2
2 Vincent Trocheck Erik Condra 40 1 2 2
4 vs 4 Defense
Defense Defense Time % Phy DF OF
1 Jarred Tinordi Steven Kampfer 60 1 2 2
2 Stefan Elliott Joel Edmundson 40 1 2 2
Last Minutes Offensive
Center Left Wing Right Wing Defense Defense
Vincent Trocheck Tomas Tatar Mark Mancari Jarred Tinordi Steven Kampfer
Last Minutes Defensive
Center Left Wing Right Wing Defense Defense
Vincent Trocheck Tomas Tatar Mark Mancari Jarred Tinordi Steven Kampfer
Goaltenders
Starting : Marek Mazanek
Backup : Darcy Kuemper
Extra Forwards
Normal : Dmitrij Jaskin, Nick Cousins, Anthony Duclair - PP : Dmitrij Jaskin, Nick Cousins - PK : Anthony Duclair
Extra Defensemen
Normal : Jonathan Racine, John Ramage, Ryan Murphy - PP : Jonathan Racine - PK : John Ramage, Ryan Murphy
Penalty Shots
Mark Mancari, Tomas Tatar, Vincent Trocheck, Erik Condra, Jonathan Marchessault
Scratches
Dominik Kubalik (Healthy), Josh Archibald (Healthy), Tyler Motte (Healthy), Chris Calhan (Healthy), Mark Friedman (Healthy)
Michael Dal Colle (Healthy), Matteson Iacopelli (Healthy), Luke Witkowski (Healthy), Sergei Kostenko (Healthy), Antoine Bibeau (Healthy)
% Time on Ice - Atomiques
Lines # - Real PCT - Wanted PCT - Time Play
Normal Forward
1 - 34% - 40% - 14:41
2 - 28% - 30% - 12:21
3 - 23% - 20% - 9:52
4 - 15% - 10% - 6:29
Normal Defense
1 - 39% - 40% - 16:49
2 - 30% - 30% - 12:56
3 - 19% - 20% - 8:11
4 - 13% - 10% - 5:27
PP Forward
1 - 58% - 60% - 3:52
2 - 42% - 40% - 2:50
PP Defense
1 - 61% - 60% - 4:07
2 - 39% - 40% - 2:35
PK Forward
1 - 77% - 60% - 7:39
2 - 23% - 40% - 2:16
PK Defense
1 - 63% - 60% - 6:16
2 - 37% - 40% - 3:39
PK3 Forward
1 - 0% - 60%
2 - 0% - 40%
PK3 Defense
1 - 0% - 60%
2 - 0% - 40%
44 Forward
1 - 0% - 60%
2 - 0% - 40%
44 Defense
1 - 0% - 60%
2 - 0% - 40%
Last Minute Offensive - 0:00
Last Minute Defensive - 0:00
Total
Forward - 60:00
Defense - 60:00
|
% Time on Ice - Sewer Rats
Lines # - Real PCT - Wanted PCT - Time Play
Normal Forward
1 - 35% - 40% - 15:05
2 - 30% - 30% - 13:12
3 - 22% - 20% - 9:32
4 - 13% - 10% - 5:34
Normal Defense
1 - 39% - 40% - 17:07
2 - 31% - 30% - 13:15
3 - 20% - 20% - 8:53
4 - 10% - 10% - 4:08
PP Forward
1 - 55% - 60% - 5:30
2 - 45% - 40% - 4:25
PP Defense
1 - 58% - 60% - 5:43
2 - 42% - 40% - 4:12
PK Forward
1 - 71% - 60% - 4:46
2 - 29% - 40% - 1:56
PK Defense
1 - 57% - 60% - 3:51
2 - 43% - 40% - 2:51
PK3 Forward
1 - 0% - 60%
2 - 0% - 40%
PK3 Defense
1 - 0% - 60%
2 - 0% - 40%
44 Forward
1 - 0% - 60%
2 - 0% - 40%
44 Defense
1 - 0% - 60%
2 - 0% - 40%
Last Minute Offensive - 0:00
Last Minute Defensive - 0:00
Total
Forward - 60:00
Defense - 60:00
|
Play-by-Play
1st period
0:01 of 1st period - Vincent Trocheck wins face-off versus Oscar Sundqvist in neutral zone.
0:50 of 1st period - Slapshot by Anthony Duclair.
0:50 of 1st period - Shot Misses the Net.
0:56 of 1st period - Wrist shot by Dalton Smith.
0:56 of 1st period - Stopped by Marek Mazanek without a rebound.
0:57 of 1st period - Jared McCann wins face-off versus Nick Schmaltz in Sewer Rats zone.
1:10 of 1st period - Slapshot by Stefan Elliott.
1:10 of 1st period - Stopped by Connor Hellebyuk with a rebound.
1:12 of 1st period - Wrist shot by Jared McCann.
1:12 of 1st period - Stopped by Connor Hellebyuk with a rebound.
1:26 of 1st period - Minor Penalty to Bobby Farnham for Hooking.
1:27 of 1st period - Vincent Trocheck wins face-off versus Jonathan Huberdeau in Atomiques zone.
1:33 of 1st period - Snap shot by Tomas Tatar.
1:33 of 1st period - Stopped by Connor Hellebyuk with a rebound.
1:35 of 1st period - Snap shot by Vincent Trocheck.
1:35 of 1st period - Shot Misses the Net.
1:37 of 1st period - Wrist shot by Mark Mancari.
1:37 of 1st period - Shot Blocked by Oscar Sundqvist.
3:26 of 1st period - Penalty to Bobby Farnham is over, Bobby Farnham is back on ice.
3:53 of 1st period - Travis Sanheim is hit by Ryan Murphy and loses puck.
5:26 of 1st period - Slapshot by Jonathan Huberdeau.
5:26 of 1st period - Stopped by Marek Mazanek with a rebound.
6:57 of 1st period - Wrist shot by Jonathan Huberdeau.
6:57 of 1st period - Goal by Jonathan Huberdeau - Atomiques : 1 - Sewer Rats : 0.
6:58 of 1st period - Vincent Trocheck wins face-off versus Oscar Sundqvist in neutral zone.
7:09 of 1st period - Tomas Tatar is hit by Jonathan Huberdeau and loses puck.
7:23 of 1st period - Icing by Mark Mancari.
7:24 of 1st period - Michael Chaput wins face-off versus Jonathan Marchessault in Sewer Rats zone.
7:37 of 1st period - Snap shot by Jonathan Marchessault.
7:37 of 1st period - Stopped by Connor Hellebyuk with a rebound.
7:54 of 1st period - Icing by Stefan Elliott.
7:55 of 1st period - Bobby Farnham wins face-off versus Vincent Trocheck in Sewer Rats zone.
8:09 of 1st period - Off-side.
8:10 of 1st period - Vincent Trocheck wins face-off versus Michael Chaput in neutral zone.
9:41 of 1st period - Snap shot by Jonathan Marchessault.
9:41 of 1st period - Goal by Jonathan Marchessault - Atomiques : 1 - Sewer Rats : 1.
9:42 of 1st period - Jonathan Huberdeau wins face-off versus Vincent Trocheck in neutral zone.
9:47 of 1st period - Wrist shot by Oscar Sundqvist.
9:47 of 1st period - Shot Misses the Net.
9:49 of 1st period - Snap shot by Oscar Sundqvist.
9:49 of 1st period - Stopped by Marek Mazanek with a rebound.
9:51 of 1st period - Wrist shot by Bobby Farnham.
9:51 of 1st period - Deflect By Oscar Sundqvist.
9:51 of 1st period - Stopped by Marek Mazanek with a rebound.
9:53 of 1st period - Snap shot by Oscar Sundqvist.
9:53 of 1st period - Goal by Oscar Sundqvist - Atomiques : 2 - Sewer Rats : 1.
9:54 of 1st period - Vincent Trocheck wins face-off versus Jonathan Huberdeau in neutral zone.
10:09 of 1st period - Wrist shot by Vincent Trocheck.
10:09 of 1st period - Shot Blocked by Jonathan Huberdeau.
10:21 of 1st period - Dustin Kohn is hit by Erik Condra and loses puck.
10:36 of 1st period - Minor Penalty to Joel Edmundson for Holding.
10:37 of 1st period - Mark Mancari wins face-off versus Oscar Sundqvist in Sewer Rats zone.
10:37 of 1st period - Mark Mancari is hit by Jonathan Huberdeau.
11:13 of 1st period - Snap shot by Michael Chaput.
11:13 of 1st period - Deflect By Kerby Rychel.
11:13 of 1st period - Stopped by Marek Mazanek without a rebound.
11:14 of 1st period - Vincent Trocheck wins face-off versus Oscar Sundqvist in Sewer Rats zone.
12:36 of 1st period - Penalty to Joel Edmundson is over, Joel Edmundson is back on ice.
12:43 of 1st period - Snap shot by Dalton Smith.
12:43 of 1st period - Stopped by Marek Mazanek without a rebound.
12:44 of 1st period - Anthony Nigro wins face-off versus Nick Cousins in Sewer Rats zone.
12:50 of 1st period - Icing by Dmitrij Jaskin.
12:51 of 1st period - William Nylander wins face-off versus Nick Cousins in Sewer Rats zone.
12:52 of 1st period - Wrist shot by Kerby Rychel.
12:52 of 1st period - Goal by Kerby Rychel - Atomiques : 3 - Sewer Rats : 1.
12:53 of 1st period - Vincent Trocheck wins face-off versus Oscar Sundqvist in neutral zone.
13:06 of 1st period - Slapshot by Vincent Trocheck.
13:06 of 1st period - Stopped by Connor Hellebyuk with a rebound.
13:25 of 1st period - Wrist shot by Dustin Kohn.
13:25 of 1st period - Stopped by Marek Mazanek with a rebound.
13:27 of 1st period - Slapshot by Dustin Kohn.
13:27 of 1st period - Shot Blocked by Mark Mancari.
13:29 of 1st period - Backhand shot by Dalton Smith.
13:29 of 1st period - Shot Misses the Net.
13:41 of 1st period - Minor Penalty to Vincent Trocheck for Hooking.
13:42 of 1st period - Jonathan Huberdeau wins face-off versus Mark Mancari in Sewer Rats zone.
13:49 of 1st period - Wrist shot by Oscar Sundqvist.
13:49 of 1st period - Stopped by Marek Mazanek with a rebound.
13:51 of 1st period - Snap shot by Oscar Sundqvist.
13:51 of 1st period - Stopped by Marek Mazanek with a rebound.
13:53 of 1st period - Slapshot by Jordan Schmaltz.
13:53 of 1st period - Goal by Jordan Schmaltz - Atomiques : 4 - Sewer Rats : 1.
13:53 of 1st period - Darcy Kuemper enters game.
13:54 of 1st period - Oscar Sundqvist wins face-off versus Jonathan Marchessault in neutral zone.
14:03 of 1st period - Snap shot by Daniel Carr.
14:03 of 1st period - Shot Misses the Net.
14:19 of 1st period - Vincent Trocheck is hit by Kerby Rychel and loses puck.
14:29 of 1st period - Icing by Vincent Trocheck.
14:30 of 1st period - Michael Chaput wins face-off versus Vincent Trocheck in Sewer Rats zone.
14:36 of 1st period - Icing by Mark Mancari.
14:37 of 1st period - Michael Chaput wins face-off versus Vincent Trocheck in Sewer Rats zone.
14:48 of 1st period - Snap shot by Kerby Rychel.
14:48 of 1st period - Shot Misses the Net.
14:50 of 1st period - Snap shot by William Nylander.
14:50 of 1st period - Stopped by Darcy Kuemper with a rebound.
15:02 of 1st period - Mark Mancari is hit by Eric Mestery and loses puck.
15:13 of 1st period - Snap shot by Mark Mancari.
15:13 of 1st period - Stopped by Connor Hellebyuk with a rebound.
15:21 of 1st period - Joel Edmundson is hit by Dustin Kohn and loses puck.
15:48 of 1st period - Snap shot by Erik Condra.
15:48 of 1st period - Deflect By Daniel Carr.
15:48 of 1st period - Stopped by Connor Hellebyuk with a rebound.
16:00 of 1st period - Wrist shot by Daniel Carr.
16:00 of 1st period - Shot Blocked by Jordan Schmaltz.
16:22 of 1st period - Snap shot by Michael Chaput.
16:22 of 1st period - Deflect By Kerby Rychel.
16:22 of 1st period - Shot Misses the Net.
16:22 of 1st period - Puck is out of play.
16:23 of 1st period - Jared McCann wins face-off versus Oscar Sundqvist in Sewer Rats zone.
16:44 of 1st period - Wrist shot by Erik Condra.
16:44 of 1st period - Deflect By Daniel Carr.
16:44 of 1st period - Shot Misses the Net.
16:44 of 1st period - Puck is out of play.
16:45 of 1st period - Jonathan Marchessault wins face-off versus William Nylander in Atomiques zone.
16:50 of 1st period - Snap shot by Daniel Carr.
16:50 of 1st period - Stopped by Connor Hellebyuk without a rebound.
16:51 of 1st period - Erik Condra wins face-off versus Bobby Farnham in Atomiques zone.
16:58 of 1st period - Wrist shot by Jonathan Marchessault.
16:58 of 1st period - Shot Misses the Net.
17:26 of 1st period - Vincent Trocheck is hit by Kerby Rychel and loses puck.
17:37 of 1st period - Matt Tennyson is hit by John Ramage and loses puck.
18:17 of 1st period - Wrist shot by Jonathan Huberdeau.
18:17 of 1st period - Stopped by Darcy Kuemper with a rebound.
18:19 of 1st period - Wrist shot by Oscar Sundqvist.
18:19 of 1st period - Atomiques goal is going for a video replay.
18:19 of 1st period - The goal is refused. The net was displaced accidentally..
18:20 of 1st period - Vincent Trocheck wins face-off versus Oscar Sundqvist in Sewer Rats zone.
18:41 of 1st period - Snap shot by Oscar Sundqvist.
18:41 of 1st period - Shot Misses the Net.
18:43 of 1st period - Snap shot by Colby Cohen.
18:43 of 1st period - Stopped by Darcy Kuemper with a rebound.
18:45 of 1st period - Snap shot by Jonathan Huberdeau.
18:45 of 1st period - Stopped by Darcy Kuemper with a rebound.
18:47 of 1st period - Snap shot by Jonathan Huberdeau.
18:47 of 1st period - Shot Misses the Net.
18:55 of 1st period - Wrist shot by Oscar Sundqvist.
18:55 of 1st period - Goal by Oscar Sundqvist - Atomiques : 5 - Sewer Rats : 1.
18:56 of 1st period - Vincent Trocheck wins face-off versus Michael Chaput in neutral zone.
19:01 of 1st period - Wrist shot by Mark Mancari.
19:01 of 1st period - Stopped by Connor Hellebyuk with a rebound.
19:03 of 1st period - Snap shot by Vincent Trocheck.
19:03 of 1st period - Stopped by Connor Hellebyuk with a rebound.
19:05 of 1st period - Slapshot by Steven Kampfer.
19:05 of 1st period - Shot Blocked by Michael Chaput.
19:09 of 1st period - Wrist shot by Mark Mancari.
19:09 of 1st period - Stopped by Connor Hellebyuk with a rebound.
19:11 of 1st period - Wrist shot by Vincent Trocheck.
19:11 of 1st period - Shot Misses the Net.
19:21 of 1st period - Jonathan Marchessault is hit by Dustin Kohn and loses puck.
Goals for this period are 5 for Atomiques vs 1 for Sewer Rats.
Shots for this period are 19 for Atomiques vs 12 for Sewer Rats.
2nd period
0:01 of 2nd period - Vincent Trocheck wins face-off versus Oscar Sundqvist in neutral zone.
0:06 of 2nd period - Wrist shot by Tomas Tatar.
0:06 of 2nd period - Shot Misses the Net.
0:55 of 2nd period - Wrist shot by Dmitrij Jaskin.
0:55 of 2nd period - Stopped by Connor Hellebyuk without a rebound.
0:56 of 2nd period - Anthony Nigro wins face-off versus Nick Cousins in Atomiques zone.
1:10 of 2nd period - Snap shot by Dmitrij Jaskin.
1:10 of 2nd period - Stopped by Connor Hellebyuk without a rebound.
1:11 of 2nd period - Vincent Trocheck wins face-off versus Jonathan Huberdeau in Atomiques zone.
1:36 of 2nd period - Minor Penalty to Eric Mestery for High sticking.
1:37 of 2nd period - Jonathan Huberdeau wins face-off versus Vincent Trocheck in Atomiques zone.
2:08 of 2nd period - Snap shot by Stefan Elliott.
2:08 of 2nd period - Stopped by Connor Hellebyuk with a rebound.
2:10 of 2nd period - Slapshot by Stefan Elliott.
2:10 of 2nd period - Stopped by Connor Hellebyuk with a rebound.
2:26 of 2nd period - Snap shot by Tomas Tatar.
2:26 of 2nd period - Stopped by Connor Hellebyuk without a rebound.
2:27 of 2nd period - Jonathan Huberdeau wins face-off versus Vincent Trocheck in Atomiques zone.
2:48 of 2nd period - Snap shot by Jonathan Marchessault.
2:48 of 2nd period - Shot Blocked by Jordan Schmaltz.
2:50 of 2nd period - Snap shot by Jarred Tinordi.
2:50 of 2nd period - Shot Blocked by Colby Cohen.
3:36 of 2nd period - Penalty to Eric Mestery is over, Eric Mestery is back on ice.
5:05 of 2nd period - Slapshot by Eric Mestery.
5:05 of 2nd period - Shot Hit the Post.
5:07 of 2nd period - Snap shot by Jonathan Huberdeau.
5:07 of 2nd period - Deflect By Bobby Farnham.
5:07 of 2nd period - Stopped by Darcy Kuemper with a rebound.
5:09 of 2nd period - Slapshot by Wiley Sherman.
5:09 of 2nd period - Deflect By Jarred Tinordi.
5:09 of 2nd period - Stopped by Darcy Kuemper without a rebound.
5:10 of 2nd period - Oscar Sundqvist wins face-off versus Jonathan Marchessault in Sewer Rats zone.
5:20 of 2nd period - Icing by Joel Edmundson.
5:21 of 2nd period - Michael Chaput wins face-off versus Erik Condra in Sewer Rats zone.
5:26 of 2nd period - Wrist shot by Michael Chaput.
5:26 of 2nd period - Stopped by Darcy Kuemper without a rebound.
5:27 of 2nd period - Vincent Trocheck wins face-off versus Michael Chaput in Sewer Rats zone.
5:31 of 2nd period - Off-side.
5:32 of 2nd period - Vincent Trocheck wins face-off versus Oscar Sundqvist in neutral zone.
6:08 of 2nd period - Snap shot by Anthony Nigro.
6:08 of 2nd period - Shot Blocked by Steven Kampfer.
6:27 of 2nd period - Michael Chaput is hit by Erik Condra and loses puck.
6:32 of 2nd period - Wrist shot by Jonathan Marchessault.
6:32 of 2nd period - Shot Blocked by Jordan Schmaltz.
6:34 of 2nd period - Slapshot by Jonathan Marchessault.
6:34 of 2nd period - Shot Misses the Net.
6:36 of 2nd period - Snap shot by Daniel Carr.
6:36 of 2nd period - Stopped by Connor Hellebyuk with a rebound.
7:09 of 2nd period - Mike Halmo is hit by Daniel Carr and loses puck.
7:24 of 2nd period - Snap shot by Dmitrij Jaskin.
7:24 of 2nd period - Shot Blocked by Nick Schmaltz.
7:38 of 2nd period - Wrist shot by Anthony Nigro.
7:38 of 2nd period - Stopped by Darcy Kuemper with a rebound.
7:40 of 2nd period - Wrist shot by Anthony Nigro.
7:40 of 2nd period - Deflect By Dalton Smith.
7:40 of 2nd period - Shot Misses the Net.
7:40 of 2nd period - Puck is out of play.
7:41 of 2nd period - Oscar Sundqvist wins face-off versus Jonathan Marchessault in Sewer Rats zone.
8:02 of 2nd period - Minor Penalty to Erik Condra for Kneeing.
8:03 of 2nd period - Oscar Sundqvist wins face-off versus Mark Mancari in Sewer Rats zone.
8:42 of 2nd period - Snap shot by Kerby Rychel.
8:42 of 2nd period - Stopped by Darcy Kuemper without a rebound.
8:43 of 2nd period - Michael Chaput wins face-off versus Vincent Trocheck in Sewer Rats zone.
9:08 of 2nd period - Tomas Tatar is hit by Dustin Kohn and loses puck.
10:02 of 2nd period - Penalty to Erik Condra is over, Erik Condra is back on ice.
10:13 of 2nd period - Icing by Nick Cousins.
10:14 of 2nd period - Dalton Smith wins face-off versus Nick Cousins in Sewer Rats zone.
10:25 of 2nd period - Wrist shot by Anthony Nigro.
10:25 of 2nd period - Shot Misses the Net.
10:37 of 2nd period - Jonathan Marchessault is hit by Eric Mestery and loses puck.
11:02 of 2nd period - Wrist shot by Mark Mancari.
11:02 of 2nd period - Stopped by Connor Hellebyuk with a rebound.
11:04 of 2nd period - Wrist shot by Vincent Trocheck.
11:04 of 2nd period - Stopped by Connor Hellebyuk without a rebound.
11:05 of 2nd period - Nick Cousins wins face-off versus Oscar Sundqvist in Atomiques zone.
11:06 of 2nd period - Snap shot by Dmitrij Jaskin.
11:06 of 2nd period - Shot Misses the Net.
11:11 of 2nd period - Minor Penalty to Dustin Kohn for Hooking.
11:12 of 2nd period - Jonathan Huberdeau wins face-off versus Vincent Trocheck in Atomiques zone.
11:16 of 2nd period - Steven Kampfer is hit by Wiley Sherman and loses puck.
11:37 of 2nd period - Oscar Sundqvist is hit by Daniel Carr and loses puck.
12:20 of 2nd period - Axel Holmstrom is hit by Jarred Tinordi and loses puck.
12:59 of 2nd period - Erik Condra is hit by Axel Holmstrom and loses puck.
13:11 of 2nd period - Penalty to Dustin Kohn is over, Dustin Kohn is back on ice.
13:38 of 2nd period - Carl Dahlstrom is hit by Mark Mancari and loses puck.
14:25 of 2nd period - Wrist shot by Nick Schmaltz.
14:25 of 2nd period - Stopped by Darcy Kuemper with a rebound.
15:51 of 2nd period - Dmitrij Jaskin is hit by Kerby Rychel.
17:00 of 2nd period - Tomas Tatar is hit by Max McCormick and loses puck.
17:10 of 2nd period - Icing by Stefan Elliott.
17:11 of 2nd period - Michael Chaput wins face-off versus Vincent Trocheck in Sewer Rats zone.
17:12 of 2nd period - Wrist shot by Kerby Rychel.
17:12 of 2nd period - Shot Blocked by Dmitrij Jaskin.
17:14 of 2nd period - Snap shot by Jonathan Huberdeau.
17:14 of 2nd period - Goal by Jonathan Huberdeau - Atomiques : 6 - Sewer Rats : 1.
17:15 of 2nd period - Mark Mancari wins face-off versus Oscar Sundqvist in neutral zone.
17:22 of 2nd period - Wrist shot by Tomas Tatar.
17:22 of 2nd period - Shot Blocked by Colby Cohen.
17:24 of 2nd period - Slapshot by Vincent Trocheck.
17:24 of 2nd period - Stopped by Connor Hellebyuk with a rebound.
17:42 of 2nd period - William Nylander is hit by Jarred Tinordi.
18:01 of 2nd period - Off-side.
18:02 of 2nd period - Anthony Nigro wins face-off versus Nick Cousins in neutral zone.
18:05 of 2nd period - Slapshot by Dustin Kohn.
18:05 of 2nd period - Deflect By Dalton Smith.
18:05 of 2nd period - Goal by Dalton Smith - Atomiques : 7 - Sewer Rats : 1.
18:06 of 2nd period - Vincent Trocheck wins face-off versus Oscar Sundqvist in neutral zone.
18:29 of 2nd period - Minor Penalty to Dustin Kohn for Hooking.
18:30 of 2nd period - Vincent Trocheck wins face-off versus Jonathan Huberdeau in Atomiques zone.
19:01 of 2nd period - Snap shot by Daniel Carr.
19:01 of 2nd period - Shot Blocked by Matt Tennyson.
19:03 of 2nd period - Slapshot by Stefan Elliott.
19:03 of 2nd period - Shot Blocked by Matt Tennyson.
19:05 of 2nd period - Slapshot by Joel Edmundson.
19:05 of 2nd period - Shot Blocked by Wiley Sherman.
19:25 of 2nd period - Slapshot by Michael Chaput.
19:25 of 2nd period - Stopped by Darcy Kuemper with a rebound.
19:55 of 2nd period - Icing by Jonathan Marchessault.
19:56 of 2nd period - Jonathan Marchessault wins face-off versus Axel Holmstrom in Sewer Rats zone.
Goals for this period are 2 for Atomiques vs 0 for Sewer Rats.
Shots for this period are 9 for Atomiques vs 9 for Sewer Rats.
3rd period
0:01 of 3rd period - Jonathan Huberdeau wins face-off versus Vincent Trocheck in neutral zone.
0:04 of 3rd period - Steven Kampfer is hit by Matt Tennyson and loses puck.
0:11 of 3rd period - Wrist shot by Tomas Tatar.
0:11 of 3rd period - Shot Misses the Net.
0:13 of 3rd period - Snap shot by Mark Mancari.
0:13 of 3rd period - Shot Misses the Net.
0:15 of 3rd period - Snap shot by Steven Kampfer.
0:15 of 3rd period - Shot Blocked by Matt Tennyson.
0:29 of 3rd period - Penalty to Dustin Kohn is over, Dustin Kohn is back on ice.
0:49 of 3rd period - Wrist shot by Dustin Kohn.
0:49 of 3rd period - Shot Misses the Net.
1:08 of 3rd period - John Ramage is hit by Kerby Rychel and loses puck.
1:26 of 3rd period - Wrist shot by Joseph Blandisi.
1:26 of 3rd period - Stopped by Connor Hellebyuk with a rebound.
2:34 of 3rd period - Snap shot by Nick Cousins.
2:34 of 3rd period - Goal by Nick Cousins - Atomiques : 7 - Sewer Rats : 2.
2:35 of 3rd period - Vincent Trocheck wins face-off versus Oscar Sundqvist in neutral zone.
2:46 of 3rd period - Slapshot by Steven Kampfer.
2:46 of 3rd period - Shot Blocked by Colby Cohen.
2:48 of 3rd period - Snap shot by Mark Mancari.
2:48 of 3rd period - Shot Hit the Post.
2:50 of 3rd period - Slapshot by Vincent Trocheck.
2:50 of 3rd period - Shot Misses the Net.
3:00 of 3rd period - Jarred Tinordi is hit by Michael Chaput and loses puck.
3:07 of 3rd period - Snap shot by William Nylander.
3:07 of 3rd period - Deflect By Michael Chaput.
3:07 of 3rd period - Stopped by Darcy Kuemper without a rebound.
3:08 of 3rd period - Vincent Trocheck wins face-off versus Michael Chaput in Sewer Rats zone.
3:34 of 3rd period - Stefan Elliott is hit by Carl Dahlstrom and loses puck.
4:41 of 3rd period - Wrist shot by Jonathan Marchessault.
4:41 of 3rd period - Shot Misses the Net.
5:10 of 3rd period - Snap shot by Anthony Nigro.
5:10 of 3rd period - Goal by Anthony Nigro - Atomiques : 8 - Sewer Rats : 2.
5:10 of 3rd period - Marek Mazanek enters game.
5:11 of 3rd period - Vincent Trocheck wins face-off versus Oscar Sundqvist in neutral zone.
5:42 of 3rd period - Michael Chaput is hit by Jonathan Marchessault and loses puck.
5:47 of 3rd period - Slapshot by Jonathan Marchessault.
5:47 of 3rd period - Stopped by Connor Hellebyuk without a rebound.
5:48 of 3rd period - Jonathan Marchessault wins face-off versus Michael Chaput in Atomiques zone.
6:00 of 3rd period - Off-side.
6:01 of 3rd period - Vincent Trocheck wins face-off versus Oscar Sundqvist in neutral zone.
6:12 of 3rd period - Slapshot by Dustin Kohn.
6:12 of 3rd period - Stopped by Marek Mazanek without a rebound.
6:13 of 3rd period - Tomas Tatar wins face-off versus Oscar Sundqvist in Sewer Rats zone.
6:29 of 3rd period - Off-side.
6:30 of 3rd period - Michael Chaput wins face-off versus Jonathan Marchessault in neutral zone.
6:45 of 3rd period - Snap shot by Kerby Rychel.
6:45 of 3rd period - Shot Misses the Net.
7:00 of 3rd period - Wrist shot by Oscar Sundqvist.
7:00 of 3rd period - Stopped by Marek Mazanek with a rebound.
7:02 of 3rd period - Wrist shot by Oscar Sundqvist.
7:02 of 3rd period - Stopped by Marek Mazanek without a rebound.
7:03 of 3rd period - Tomas Tatar wins face-off versus Oscar Sundqvist in Sewer Rats zone.
7:10 of 3rd period - Slapshot by Stefan Elliott.
7:10 of 3rd period - Deflect By Vincent Trocheck.
7:10 of 3rd period - Goal by Vincent Trocheck - Atomiques : 8 - Sewer Rats : 3.
7:11 of 3rd period - Oscar Sundqvist wins face-off versus Vincent Trocheck in neutral zone.
7:19 of 3rd period - Minor Penalty to Jonathan Huberdeau for Interference.
7:20 of 3rd period - Vincent Trocheck wins face-off versus Axel Holmstrom in Atomiques zone.
7:21 of 3rd period - Slapshot by Tomas Tatar.
7:21 of 3rd period - Stopped by Connor Hellebyuk without a rebound.
7:22 of 3rd period - Vincent Trocheck wins face-off versus Oscar Sundqvist in Atomiques zone.
7:35 of 3rd period - Snap shot by Mark Mancari.
7:35 of 3rd period - Deflect By Dustin Kohn.
7:35 of 3rd period - Shot Blocked by Dustin Kohn.
7:35 of 3rd period - Puck is out of play.
7:36 of 3rd period - Axel Holmstrom wins face-off versus Vincent Trocheck in Atomiques zone.
8:05 of 3rd period - Slapshot by Jarred Tinordi.
8:05 of 3rd period - Stopped by Connor Hellebyuk with a rebound.
9:19 of 3rd period - Penalty to Jonathan Huberdeau is over, Jonathan Huberdeau is back on ice.
9:28 of 3rd period - Snap shot by Nick Cousins.
9:28 of 3rd period - Stopped by Connor Hellebyuk without a rebound.
9:29 of 3rd period - Nick Cousins wins face-off versus Anthony Nigro in Atomiques zone.
9:50 of 3rd period - Minor Penalty to Dmitrij Jaskin for Tripping.
9:51 of 3rd period - Oscar Sundqvist wins face-off versus Mark Mancari in Sewer Rats zone.
10:02 of 3rd period - Wrist shot by Oscar Sundqvist.
10:02 of 3rd period - Shot Misses the Net.
11:23 of 3rd period - William Nylander is hit by Daniel Carr and loses puck.
11:50 of 3rd period - Penalty to Dmitrij Jaskin is over, Dmitrij Jaskin is back on ice.
12:24 of 3rd period - Ryan Murphy is hit by Max McCormick and loses puck.
13:43 of 3rd period - Snap shot by Michael Chaput.
13:43 of 3rd period - Stopped by Marek Mazanek without a rebound.
13:44 of 3rd period - Jonathan Marchessault wins face-off versus Michael Chaput in Sewer Rats zone.
13:44 of 3rd period - Jonathan Marchessault is hit by William Nylander.
14:10 of 3rd period - Anthony Duclair is hit by Anthony Nigro and loses puck.
14:41 of 3rd period - Wrist shot by Dmitrij Jaskin.
14:41 of 3rd period - Stopped by Connor Hellebyuk without a rebound.
14:42 of 3rd period - Vincent Trocheck wins face-off versus Oscar Sundqvist in Atomiques zone.
14:45 of 3rd period - Snap shot by Vincent Trocheck.
14:45 of 3rd period - Stopped by Connor Hellebyuk without a rebound.
14:46 of 3rd period - Vincent Trocheck wins face-off versus Bobby Farnham in Atomiques zone.
15:17 of 3rd period - Wrist shot by Jonathan Marchessault.
15:17 of 3rd period - Stopped by Connor Hellebyuk without a rebound.
15:18 of 3rd period - Michael Chaput wins face-off versus Jonathan Marchessault in Atomiques zone.
15:18 of 3rd period - Michael Chaput is hit by Joel Edmundson.
15:26 of 3rd period - Wrist shot by Michael Chaput.
15:26 of 3rd period - Stopped by Marek Mazanek without a rebound.
15:27 of 3rd period - Vincent Trocheck wins face-off versus Michael Chaput in Sewer Rats zone.
15:52 of 3rd period - Snap shot by Michael Chaput.
15:52 of 3rd period - Shot Misses the Net.
16:00 of 3rd period - Jordan Schmaltz is hit by Vincent Trocheck and loses puck.
16:07 of 3rd period - Slapshot by Tomas Tatar.
16:07 of 3rd period - Shot Misses the Net.
16:13 of 3rd period - Wrist shot by Mark Mancari.
16:13 of 3rd period - Shot Misses the Net.
16:17 of 3rd period - Backhand shot by Tomas Tatar.
16:17 of 3rd period - Goal by Tomas Tatar - Atomiques : 8 - Sewer Rats : 4.
16:18 of 3rd period - Jonathan Marchessault wins face-off versus Oscar Sundqvist in neutral zone.
16:24 of 3rd period - Off-side.
16:25 of 3rd period - Bobby Farnham wins face-off versus Jonathan Marchessault in neutral zone.
17:11 of 3rd period - Snap shot by William Nylander.
17:11 of 3rd period - Deflect By Joel Vermin.
17:11 of 3rd period - Stopped by Marek Mazanek with a rebound.
17:13 of 3rd period - Snap shot by Dalton Smith.
17:13 of 3rd period - Shot Blocked by Stefan Elliott.
17:15 of 3rd period - Slapshot by Anthony Nigro.
17:15 of 3rd period - Stopped by Marek Mazanek with a rebound.
17:17 of 3rd period - Snap shot by Dalton Smith.
17:17 of 3rd period - Stopped by Marek Mazanek with a rebound.
17:19 of 3rd period - Slapshot by Matt Tennyson.
17:19 of 3rd period - Stopped by Marek Mazanek without a rebound.
17:20 of 3rd period - Vincent Trocheck wins face-off versus Bobby Farnham in Sewer Rats zone.
19:26 of 3rd period - Minor Penalty to John Ramage for Boarding.
19:27 of 3rd period - Mark Mancari wins face-off versus Oscar Sundqvist in Sewer Rats zone.
19:27 of 3rd period - Mark Mancari is hit by Matt Tennyson.
Goals for this period are 1 for Atomiques vs 3 for Sewer Rats.
Shots for this period are 11 for Atomiques vs 11 for Sewer Rats.
Back to the Top